 Dungeon Sprint DCSS version 0.27.1-33-g824d729ab1 (webtiles) character file.

Game seed: 15471603222267992058

882 Dadi the Nimble (level 7, -6/60 (64) HPs)
             Began as a Demonspawn Berserker on Dec 20, 2021.
             Was a Priest of Trog.
             Mangled by an ice devil (11 damage)
             ... summoned by a kobold demonologist
             ... in the Dungeon (Sprint I: "Red Sonja").
             The game lasted 00:04:46 (581 turns).

Dadi the Nimble (Demonspawn Berserker)               Turns: 581, Time: 00:04:47

HP:   -6/60 (64)    AC:  5    Str: 17    XL:     7   Next: 76%
MP:   7/7           EV: 17    Int:  8    God:    Trog [***...]
Gold: 420           SH:  0    Dex: 15    Spells: 6/6 levels left

rFire    . . .     SeeInvis .   a - +0 mace
rCold    . . .     Faith    .   (no shield)
rNeg     . . .     Spirit   .   i - +0 ring mail {rPois}
rPois    +         Reflect  .   (helmet restricted)
rElec    .         Harm     .   (no cloak)
rCorr    .         Rampage  .   (no gloves)
Will     .....     NoTele   +   (no boots)
Stlth    +.........             (no amulet)
HPRegen  0.20/turn              (no ring)
MPRegen  0.20/turn              (no ring)

@: on berserk cooldown, drained
A: antennae 2, magic regeneration, sturdy frame 1
a: Renounce Religion, Berserk, Trog's Hand


You were in the Dungeon.
You worshipped Trog.
Trog was most pleased with you.
You visited 1 branch You collected 420 gold pieces.

Inventory:

Hand Weapons
 a - a +0 mace (weapon)
Armour
 b - a +0 animal skin
 i - a +0 ring mail of poison resistance (worn)
Potions
 e - a potion of haste
 f - 2 potions of magic
 g - a potion of berserk rage


   Skills:
 - Level 9.3 Fighting
 - Level 8.5 Maces & Flails
 - Level 1.7 Armour
 + Level 10.9 Dodging


You had 6 spell levels left.
You didn't know any spells.
Your spell library was empty.

Dungeon Overview and Level Annotations

Branches:
Dungeon (1/1)

Altars:
Cheibriados
Dithmenos
Elyvilon
Fedhas
Gozag
Hepliaklqana
Kikubaaqudgha
Makhleb
Nemelex Xobeh
Okawaru
Qazlal
Ru
Sif Muna
Trog
Uskayaw
Vehumet
Wu Jian
Xom
Yredelemnul
Zin
The Shining One
Jiyva
Lugonu

Shops:
D (


Innate Abilities, Weirdness & Mutations

You have a pair of antennae on your head.
You regenerate magic rapidly.
Your movements are slightly less encumbered by armour. (ER -2)


Message History

You feel drained. The orange demon stings you from afar.
You are poisoned.
The orange demon poisons you!
You hit the kobold demonologist.
You kill the kobold demonologist!
Trog accepts your kill.
Trog appreciates your killing of a magic user.
The orange demon disappears in a puff of smoke!
You feel very sick.
The kobold demonologist barely misses you.
Your life force feels restored.
Your Dodging skill increases to level 10!
You feel better.
The kobold demonologist gestures wildly while chanting.
The kobold demonologist hits you but does no damage.
You feel drained.
You closely miss the kobold demonologist.
The kobold demonologist is heavily wounded.
The kobold demonologist hits you with a +3 dagger of draining.
You feel drained.
* * * LOW HITPOINT WARNING * * *
The ice devil barely misses you.
You hit the kobold demonologist.
The kobold demonologist is heavily wounded.
The kobold demonologist hits you with a +3 dagger of draining.
* * * LOW HITPOINT WARNING * * *
You feel drained. The ice devil barely misses you.
The kobold demonologist barely misses you.
The ice devil barely misses you.
You hit the kobold demonologist but do no damage.
The kobold demonologist is heavily wounded.
The kobold demonologist misses you. The ice devil completely misses you.
You hit the kobold demonologist but do no damage.
The kobold demonologist is heavily wounded.
You feel yourself speed up.
The kobold demonologist completely misses you.
The ice devil hits you!
* * * LOW HITPOINT WARNING * * *
The ice devil freezes you!
You die...

########################
#<.#..)..#..'5.#__#5.'KG
#..{).#455).#..'4.K.4#K3
#..#####K#####'#__####45
#..####@4#...#[#### ##
#..#__####..##.# {
#..#_____##'#_.+ {
#⌠⌠#_.∩...'..._#
####_..__##_.#'#
#_____###+#.# #######
### { {


You could see an ice devil (summoned), a kobold demonologist, a quasit
(summoned) and an ufetubus (summoned).

Vanquished Creatures
  A kobold demonologist (D)
  A slime creature (D)
  Sigmund (D)
  A yak (D)
  An ogre (D)
  A jelly (D)
  Ijyb (D)
7 creatures vanquished.

Vanquished Creatures (others)
  A gargoyle (D)
1 creature vanquished.

Grand Total: 8 creatures vanquished

Notes
Turn   | Place    | Note
-------+----------+-------------------------------------------
     0 | D        | Dadi the Demonspawn Berserker began the quest for the Orb.
     0 | D        | Reached XP level 1. HP: 18/18 MP: 1/1
     1 | D        | Noticed Ijyb
    11 | D        | Killed Ijyb
    12 | D        | Reached skill level 5 in Fighting
    12 | D        | Gained mutation: You have a pair of small antennae on your
                  | head. [demonic ancestry]
    12 | D        | Reached XP level 2. HP: 25/27 MP: 2/2
   122 | D        | Noticed an ogre
   126 | D        | Killed an ogre
   127 | D        | Gained mutation: Your movements are slightly less
                  | encumbered by armour. (ER -2) [demonic ancestry]
   127 | D        | Reached XP level 3. HP: 27/36 MP: 3/3
   127 | D        | Reached XP level 4. HP: 32/43 MP: 4/4
   272 | D        | Noticed Sigmund
   278 | D        | Killed Sigmund
   278 | D        | Reached ** piety under Trog
   279 | D        | Gained mutation: You regenerate magic rapidly. [demonic
                  | ancestry]
   279 | D        | Reached XP level 5. HP: 52/52 MP: 5/5
   324 | D        | Found an ornate altar of the Wu Jian Council.
   324 | D        | Found a shimmering blue altar of Sif Muna.
   328 | D        | Found a radiant altar of Vehumet.
   332 | D        | Reached skill level 3 in Dodging
   332 | D        | Gained mutation: You have a pair of antennae on your head.
                  | [demonic ancestry]
   332 | D        | Reached XP level 6. HP: 58/58 MP: 6/6
   374 | D        | Found Ygee's Weapon Emporium.
   374 | D        | Found an ancient bone altar of Kikubaaqudgha.
   374 | D        | Found a hazy altar of Hepliaklqana.
   374 | D        | Found a stormy altar of Qazlal.
   374 | D        | Found a hide-covered altar of Uskayaw.
   374 | D        | Found a blossoming altar of Fedhas.
   374 | D        | Found a bloodstained altar of Trog.
   374 | D        | Found an iron altar of Okawaru.
   374 | D        | Found a basalt altar of Yredelemnul.
   374 | D        | Found a snail-covered altar of Cheibriados.
   374 | D        | Found a sacrificial altar of Ru.
   374 | D        | Found a shadowy altar of Dithmenos.
   374 | D        | Noticed a yak
   379 | D        | Killed a yak
   380 | D        | Reached skill level 7 in Dodging
   380 | D        | Found an opulent altar of Gozag.
   381 | D        | Found a sparkling altar of Nemelex Xobeh.
   425 | D        | Found a burning altar of Makhleb.
   425 | D        | Found a viscous altar of Jiyva.
   425 | D        | Found a shimmering altar of Xom.
   425 | D        | Found a corrupted altar of Lugonu.
   425 | D        | Noticed a slime creature
   426 | D        | Killed a gargoyle
   432 | D        | Killed a slime creature
   432 | D        | Reached *** piety under Trog
   433 | D        | Reached skill level 9 in Dodging
   433 | D        | Reached XP level 7. HP: 64/64 MP: 7/7
   536 | D        | Noticed a kobold demonologist
   536 | D        | Noticed a kobold demonologist
   540 | D        | Paralysed by a floating eye for 4 turns
   544 | D        | Noticed a rust devil
   549 | D        | Paralysed by a floating eye for 2 turns
   551 | D        | Noticed a neqoxec
   553 | D        | Paralysed by a floating eye for 3 turns
   555 | D        | HP: 1/55 [white imp[a kobold demonologist] (5)]
   557 | D        | Noticed a rust devil
   574 | D        | Noticed an orange demon
   576 | D        | Noticed an ice devil
   576 | D        | Killed a kobold demonologist
   577 | D        | Reached skill level 10 in Dodging
   578 | D        | Noticed an ice devil
   581 | D        | Mangled by an ice devil

Illustrated notes

Levels and vault maps discovered:
D:        dungeon_sprint_1 [red_sonja_temple_1, red_sonja_temple_small_1]

Skill      XL: |  1  2  3  4  5  6  7 |
---------------+----------------------+-----
Fighting       | 5 7 9 |  9.3
Maces & Flails | 4 6 8 |  8.5
Dodging        | 3 9 10 | 10.9
Armour         | |  1.7

Action                   |  1- 3 |  4- 6 |  7- 9 || total
-------------------------+-------+-------+-------++-------
Melee: Mace              |    11 |    16 |    19 ||    46
Invok: Berserk           |     2 |     4 |     1 ||     7
  Use: Scroll            |       |       |     2 ||     2
       Potion            |       |       |     2 ||     2
Armor: Ring mail         |       |     2 |     9 ||    11
Dodge: Dodged            |     6 |     5 |    16 ||    27
